AoeStats
← Alex Armoa

Hill Fort

504149924Analyzed
2v2 RM · 28d ago on Sep 4, 2026· 26m 53s· 4 players
Game mode
Random Map
Map size
Medium (4 player)
Population
200
Speed
Normal
Resources
Standard
Victory
Conquest
Starting age
Dark Age
Ending age
Imperial Age
RankedLock teamsTeams togetherTeam positionsShared explorationLock speedFull tech treeHidden civsTurbo modeCheats
Victory
Defeat
🇦🇷 Malay · Argentina
1050
+15
🇦🇷 Wei · Argentina
1050
+15
🇵🇾 Khitans · Paraguay
1020
-15
🇧🇷 Slavs · Brazil
1020
-18
Alex Armoa
11:44 Loom
13:36 Feudal Age
14:47 Double-Bit Axe
14:45 Domestication
17:41 Castle Age
16:22 Forging
17:35 Scale Barding Armor
18:12 Light Cavalry
19:41 Iron Casting
19:49 Bow Saw
19:59 Pastoralism
20:24 Husbandry
21:29 Light Cavalry
24:05 Chain Barding Armor
Occult_day_ontem
10:05 Feudal Age
12:28 Double-Bit Axe
12:26 Horse Collar
18:26 Castle Age
18:29 Bloodlines
18:35 Forging
19:59 Scale Barding Armor
24:41 Stone Mining
24:42 Gold Mining
25:22 Bow Saw
25:55 Sanctity
Julis44
5:24 Loom
7:43 Loom
10:28 Feudal Age
11:10 Double-Bit Axe
18:54 Castle Age
16:57 Town Watch
17:11 Horse Collar
17:56 Man-at-Arms
21:02 Scale Barding Armor
24:09 Husbandry
25:32 Bloodlines
27:15 Forging
Bicho115
7:22 Loom
11:03 Feudal Age
11:32 Double-Bit Axe
19:38 Castle Age
18:42 Forging
18:57 Fishing Lines
27:20 Wheelbarrow
Connection lost

Rejoining the realm…

Still unreachable

The connection could not be restored.

Session expired

The server has moved on; the page needs a fresh start.